 Dungeon Crawl Stone Soup version 0.25-a0-410-g53dbb631d1 (webtiles) character file.

Game seed: 12350773439290045766, levelgen mode: deterministic

2774 MisterFreud the Slicer (level 9, 0/65 (66) HPs)
             Began as a Gnoll Chaos Knight on Jan 13, 2020.
             Was a Plaything of Xom.
             Slain by an orc (4 damage)
             ... on level 7 of the Dungeon.
             The game lasted 00:13:28 (7109 turns).

MisterFreud the Slicer (Gnoll Chaos Knight)         Turns: 7109, Time: 00:13:29

HP:   0/65 (66)     AC: 14    Str: 19    XL:     9   Next: 70%
MP:   15/15         EV:  8    Int: 17    God:    Xom [.*....]
Gold: 317           SH:  9    Dex: 16    Spells: 16/16 levels left

rFire    . . .     SeeInvis .   n - +0 dagger (venom)
rCold    . . .     Gourm    +   p - +0 buckler
rNeg     . . .     Faith    .   w - +0 plate armour
rPois    .         Spirit   .   (no helmet)
rElec    .         Reflect  .   (no cloak)
rCorr    .         Harm     .   (no gloves)
MR       .....                  (no boots)
Stlth    ..........             z - amulet of the gourmand
HPRegen  0.20/turn              f - ring of Knowledge {AC+2 Str+5 Stlth+}
MPRegen  0.14/turn              (no ring)

@: no status effects
A: distributed training, fangs 1, large bone plates 1, frail 1, MP-powered
wands, strong nose
a: Renounce Religion


You were on level 7 of the Dungeon.
You worshipped Xom.
You were a plaything of Xom.
You were completely stuffed.

You visited 1 branch of the dungeon, and saw 7 of its levels.

You collected 317 gold pieces.

Inventory:

Hand Weapons
 a - a +0 short sword of chaos
 n - a +0 dagger of venom (weapon)
 v - a +0 rapier of holy wrath
Missiles
 e - 167 arrows
 g - 227 stones
 h - 11 javelins
 j - 8 boomerangs (quivered)
 k - 74 bolts
 r - 20 poisoned darts
Armour
 b - a +2 leather armour
 p - a +0 buckler (worn)
 w - a +0 plate armour (worn)
Jewellery
 f - the ring of Knowledge (left hand) {AC+2 Str+5 Stlth+}
   (You acquired it on level 5 of the Dungeon)

   [ring of protection]

   It affects your AC (+2).
   It affects your strength (+5).
   It makes you more stealthy.
 z - an amulet of the gourmand (around neck)
Wands
 D - a wand of scattershot (1)
Scrolls
 d - 6 scrolls of identify
 y - 3 scrolls of teleportation
 C - a scroll of acquirement
 F - a scroll of fear {unknown}
Potions
 i - a potion of mutation {unknown}
 l - a potion of resistance
 m - 5 potions of curing
 o - 3 potions of heal wounds
 q - a potion of flight
 s - a potion of degeneration {unknown}
 t - 2 potions of lignification
 u - 2 potions of magic {unknown}
 x - a potion of haste {unknown}
 A - 2 potions of agility {unknown}
 B - a potion of ambrosia {unknown}
 E - a potion of invisibility {unknown}
 G - a potion of berserk rage {unknown}
Comestibles
 c - 14 rations
 H - a chunk of flesh


   Skills:
 + Level 8.0 Fighting
 + Level 8.0 Short Blades
 + Level 4.4 Long Blades
 + Level 4.4 Axes
 + Level 4.4 Maces & Flails
 + Level 4.4 Polearms
 + Level 4.4 Staves
 + Level 4.4 Slings
 + Level 4.4 Bows
 + Level 4.4 Crossbows
 + Level 4.4 Throwing
 + Level 6.4 Armour
 + Level 5.2 Dodging
 + Level 4.4 Stealth
 + Level 4.4 Shields
 + Level 4.4 Unarmed Combat
 + Level 4.4 Spellcasting
 + Level 3.6 Conjurations
 + Level 3.6 Hexes
 + Level 3.6 Charms
 + Level 3.6 Summonings
 + Level 3.6 Necromancy
 + Level 3.6 Translocations
 + Level 3.6 Transmutations
 + Level 3.6 Fire Magic
 + Level 3.6 Ice Magic
 + Level 3.6 Air Magic
 + Level 3.6 Earth Magic
 + Level 3.6 Poison Magic
 + Level 4.9 Invocations
 + Level 4.4 Evocations


You had 16 spell levels left.
You didn't know any spells.
Your spell library contained the following spells:

 Spells                   Type           Power        Failure   Level  Hunger
 Beastly Appendage        Tmut           ###...       65%         1    None
 Magic Dart               Conj           ###.         65%         1    None
 Searing Ray              Conj           ###...       78%         2    ##.....
 Sticks to Snakes         Tmut           ###.....     78%         2    ##.....
 Dazzling Flash           Conj/Hex       ###...       95%         3    ###....
 Spider Form              Tmut/Pois      ###.......   95%         3    ###....
 Fulminant Prism          Conj/Hex       ###.......   100%        4    ####...
 Ice Form                 Ice/Tmut       ###.....     100%        4    ####...
 Iskenderun's Mystic Bla  Conj/Tloc      ###.....     100%        4    ####...
 Blade Hands              Tmut           ###.......   100%        5    ######.


Dungeon Overview and Level Annotations

Branches:
Dungeon (7/15)             Temple (0/1) D:4

Altars:
Ashenzari
Cheibriados
Makhleb
Uskayaw
Wu Jian
The Shining One


Innate Abilities, Weirdness & Mutations

Your experience applies equally to all skills.
You have very sharp teeth.
Your uncanny sense of smell can sniff out nearby items.
You are partially covered in large bone plates. (SH +4)
You are frail. (-10% HP)
You expend magic power (3 MP) to strengthen your wands.


Message History

You hit the orc warrior but do no damage.
The orc warrior looks as sick as possible!
The orc warrior is heavily wounded.
The orc priest casts a cantrip, but nothing happens.
You closely miss the orc priest.
The orc warrior hits you with a +0 glaive.
* * * LOW HITPOINT WARNING * * *
The orc closely misses you. The orc priest closely misses you.
The orc priest closely misses your butterfly.
You block the orc warrior's attack.
You hit the orc priest.
The orc priest is poisoned.
Your bite misses the orc priest.
The orc priest is moderately wounded.
You block the orc's attack.
The orc warrior hits you from afar with a +0 glaive!
* * * LOW HITPOINT WARNING * * *
You barely miss the orc priest.
The orc priest is moderately wounded.
You block the orc priest's attack. The orc hits you.
You die...

. #... ### .....#..#
#####.. ∆ ........#
##.....#
.......###..####.
#.........## #.
###....#....# #.
#......###..#####)
###@o....###......[.
###..o.....)##.[......
.....bbo.b.))<..##.....
.......#.........##.....
.......#....b....####...
.......#....b....# ##..
#####.##.........# #....
.. #.........# #.#.. #.
#.........# #.###


You could see an orc warrior, an orc priest and an orc.

Vanquished Creatures
  A steam dragon (D:7)
  An orc warrior (D:7)
  2 sky beasts
  A black bear (D:6)
  A necrophage (D:6)
  A phantom (D:5)
  3 ogres (D:4)
  A centaur (D:7)
  2 bullfrogs
  A scorpion (D:6)
  2 water moccasin skeletons
  7 killer bees
  3 howler monkeys
  A crimson imp (D:6)
  A quasit (D:6)
  A centaur zombie (D:6)
  2 hounds
  4 orc wizards
  A gnoll shaman (D:7)
  2 orc priests
  3 jellies
  3 iguanas
  6 worker ants
  2 hound skeletons
  A worker ant zombie (D:7)
  7 adders
  13 gnolls
  A howler monkey skeleton (D:6)
  3 oozes
  An adder skeleton (D:4)
  8 worms
  3 dart slugs
  A leopard gecko (D:2)
  11 orcs
  5 ball pythons
  9 bats
  4 giant cockroaches
  8 goblins
  7 hobgoblins
  3 jackals (D:1)
  11 kobolds
  3 quokkas
  10 frilled lizards
  3 leopard gecko skeletons
  A quokka skeleton (D:6)
  4 rats
169 creatures vanquished.

Vanquished Creatures (collateral kills)
  A bullfrog skeleton (D:4)
  A centaur skeleton (D:4)
2 creatures vanquished.

Vanquished Creatures (others)
  A phantom (D:4)
  A worker ant (D:4)
2 creatures vanquished.

Grand Total: 173 creatures vanquished

Notes
Turn   | Place    | Note
-------+----------+-------------------------------------------
     0 | D:1      | MisterFreud the Gnoll Chaos Knight began the quest for the
                  | Orb.
     0 | D:1      | Reached XP level 1. HP: 23/23 MP: 1/1
    88 | D:1      | Reached XP level 2. HP: 28/29 MP: 2/2
   191 | D:1      | XOM: divination: magic mapping
   314 | D:1      | XOM: potion effect (invisibility)
   632 | D:1      | Reached XP level 3. HP: 27/35 MP: 3/3
  1219 | D:2      | Reached skill level 1 in Invocations
  1342 | D:2      | XOM: divination: detect items
  1438 | D:2      | XOM: harmless Tloc miscast
  1541 | D:2      | Reached skill level 1 in Long Blades
  1541 | D:2      | Reached skill level 1 in Axes
  1541 | D:2      | Reached skill level 1 in Maces & Flails
  1541 | D:2      | Reached skill level 1 in Polearms
  1541 | D:2      | Reached skill level 1 in Staves
  1541 | D:2      | Reached skill level 1 in Slings
  1541 | D:2      | Reached skill level 1 in Bows
  1541 | D:2      | Reached skill level 1 in Crossbows
  1541 | D:2      | Reached skill level 1 in Throwing
  1541 | D:2      | Reached skill level 1 in Stealth
  1541 | D:2      | Reached skill level 1 in Shields
  1541 | D:2      | Reached skill level 1 in Unarmed Combat
  1541 | D:2      | Reached skill level 1 in Spellcasting
  1541 | D:2      | Reached skill level 1 in Evocations
  1677 | D:2      | Reached XP level 4. HP: 38/41 MP: 5/5
  1849 | D:3      | Found a snail-covered altar of Cheibriados.
  2085 | D:3      | Reached skill level 1 in Conjurations
  2085 | D:3      | Reached skill level 1 in Hexes
  2085 | D:3      | Reached skill level 1 in Charms
  2085 | D:3      | Reached skill level 1 in Summonings
  2085 | D:3      | Reached skill level 1 in Necromancy
  2085 | D:3      | Reached skill level 1 in Translocations
  2085 | D:3      | Reached skill level 1 in Transmutations
  2085 | D:3      | Reached skill level 1 in Fire Magic
  2085 | D:3      | Reached skill level 1 in Ice Magic
  2085 | D:3      | Reached skill level 1 in Air Magic
  2085 | D:3      | Reached skill level 1 in Earth Magic
  2085 | D:3      | Reached skill level 1 in Poison Magic
  2177 | D:3      | Found a glowing golden altar of the Shining One.
  2183 | D:3      | Found a burning altar of Makhleb.
  2289 | D:3      | Reached XP level 5. HP: 47/47 MP: 6/6
  2395 | D:3      | Found an ornate altar of the Wu Jian Council.
  2489 | D:3      | XOM: divination: magic mapping
  2848 | D:3      | XOM: 1-stop teleportation journey
  2898 | D:4      | XOM: noise
  3146 | D:4      | XOM: cloud trail
  3175 | D:4      | Found a staircase to the Ecumenical Temple.
  3229 | D:4      | XOM: give mutations
  3229 | D:4      | Gained mutation: You are partially covered in large bone
                  | plates. (SH +4) [Xom's grace]
  3229 | D:4      | Gained mutation: You have an increased reservoir of magic.
                  | (+10% MP) [Xom's grace]
  3229 | D:4      | Gained mutation: You expend magic power (3 MP) to
                  | strengthen your wands. [Xom's grace]
  3235 | D:4      | XOM: cast spell 'Necromutation'
  3239 | D:4      | Reached XP level 6. HP: 48/53 MP: 7/9
  3300 | D:4      | Noticed a phantom
  3302 | D:4      | Killed a phantom
  3302 | D:4      | XOM: divine lightning
  3311 | D:4      | XOM: blink monster(s)
  3313 | D:4      | Reached skill level 5 in Armour
  3327 | D:4      | XOM: swap monsters
  3334 | D:4      | XOM: confusion (+ monsters)
  3350 | D:4      | Reached XP level 7. HP: 27/59 MP: 11/11
  3398 | D:4      | XOM: mild Summ miscast
  3732 | D:4      | XOM: summons friendly ufetubus
  3735 | D:4      | XOM: cleaving
  3744 | D:4      | XOM: polymorph scorpion -> killer bee
  3950 | D:5      | Entered Level 5 of the Dungeon
  4045 | D:5      | XOM: smoke on damage
  4045 | D:5      | XOM: torment (31/60 hp)
  4060 | D:5      | Reached XP level 8. HP: 25/67 MP: 13/13
  4077 | D:5      | XOM: stat loss: -1 Int (15/16)
  4336 | D:5      | Found a shattered altar of Ashenzari.
  4380 | D:5      | XOM: noise
  4956 | D:5      | XOM: noise
  4992 | D:5      | Identified 2 scrolls of acquirement
  4992 | D:5      | Identified the ring of Knowledge {AC+2 Str+5 Stlth+} (You
                  | acquired it on level 5 of the Dungeon)
  5316 | D:6      | Found an ornate altar of the Wu Jian Council.
  5333 | D:6      | XOM: cleaving
  5510 | D:6      | XOM: 1-stop teleportation journey
  5535 | D:6      | Reached XP level 9. HP: 63/71 MP: 16/16
  5585 | D:6      | XOM: mild Necr miscast
  5900 | D:6      | XOM: mild Ice miscast
  5907 | D:6      | XOM: cast spell 'Summon Butterflies'
  6235 | D:7      | XOM: summons 2 friendly demons
  6241 | D:7      | XOM: god gift: 25 stones
  6245 | D:7      | XOM: enchant monster (bad)
  6430 | D:6      | XOM: harmless Erth miscast
  6552 | D:7      | Found a hide-covered altar of Uskayaw.
  6576 | D:7      | Reached skill level 5 in Dodging
  6607 | D:7      | XOM: harmless Fire miscast
  6629 | D:7      | XOM: summons 4 hostile demons
  6718 | D:7      | XOM: swap monsters
  6952 | D:7      | XOM: noise
  7036 | D:7      | XOM: give mutations
  7036 | D:7      | Gained mutation: You are frail. (-10% HP) [Xom's mischief]
  7036 | D:7      | Lost mutation: You have an increased reservoir of magic.
                  | (+10% MP) [Xom's mischief]
  7103 | D:7      | XOM: butterfly on damage
  7109 | D:7      | Slain by an orc

Levels and vault maps discovered:
D:1:      lightli_arrival_flooded_house, layout_loops_ring,
          roderic_nine_men_s_morris
D:2:      layout_basic, first_ration
D:3:      kennysheep_six_static_rooms, layout_loops_corners, old_standard_altar,
          cheibriados_altar_1, amethyst_overflow_temple_binary
D:4:      layout_basic, temple_pool_b, minmay_cut_off
D:5:      layout_cave_pods, evilmike_ruin_ashenzari, minmay_joined_circles
D:6:      layout_gridville, basic_altar
D:7:      layout_rooms, yredelemnul_forgotten_temple_becter, minitemple,
          eat_drink_and_be_merry_uskayaw

Skill      XL: |  1  2  3  4  5  6  7  8  9 |
---------------+----------------------------+-----
Invocations    | 1 2 3 4 |  4.9
Long Blades    | 1 2 3 4 |  4.4
Axes           | 1 2 3 4 |  4.4
Maces & Flails | 1 2 3 4 |  4.4
Polearms       | 1 2 3 4 |  4.4
Staves         | 1 2 3 4 |  4.4
Slings         | 1 2 3 4 |  4.4
Bows           | 1 2 3 4 |  4.4
Crossbows      | 1 2 3 4 |  4.4
Throwing       | 1 2 3 4 |  4.4
Stealth        | 1 2 3 4 |  4.4
Shields        | 1 2 3 4 |  4.4
Unarmed Combat | 1 2 3 4 |  4.4
Spellcasting   | 1 2 3 4 |  4.4
Evocations     | 1 2 3 4 |  4.4
Conjurations   | 1 2 3 |  3.6
Hexes          | 1 2 3 |  3.6
Charms         | 1 2 3 |  3.6
Summonings     | 1 2 3 |  3.6
Necromancy     | 1 2 3 |  3.6
Translocations | 1 2 3 |  3.6
Transmutations | 1 2 3 |  3.6
Fire Magic     | 1 2 3 |  3.6
Ice Magic      | 1 2 3 |  3.6
Air Magic      | 1 2 3 |  3.6
Earth Magic    | 1 2 3 |  3.6
Poison Magic   | 1 2 3 |  3.6
Dodging        | 3 4 5 |  5.2
Armour         | 5 6 |  6.4
Fighting       | 7 8 |  8.0
Short Blades   | 7 8 |  8.0

Action                   |  1- 3 |  4- 6 |  7- 9 || total
-------------------------+-------+-------+-------++-------
Melee: Short sword       |    52 |       |       ||    52
       Bite              |    11 |    20 |   100 ||   131
       Dagger            |    49 |   180 |   573 ||   802
       Rapier            |       |       |    14 ||    14
Throw: Boomerang         |       |       |     2 ||     2
Evoke: Wand              |       |       |     4 ||     4
  Use: Scroll            |     2 |       |    12 ||    14
       Potion            |       |     1 |       ||     1
 Stab: Sleeping          |     4 |       |       ||     4
       Invisible         |     2 |       |       ||     2
       Confused          |       |       |     1 ||     1
  Eat: Chunk             |     2 |     5 |    30 ||    37
Armor: Leather armour    |    38 |    20 |       ||    58
       Plate armour      |       |    26 |   239 ||   265
Dodge: Dodged            |    53 |    42 |   116 ||   211
Block: Buckler           |     3 |    24 |   202 ||   229

Table legend:
 A = Non-vault XP
 B = Vault XP
 C = Vault XP percentage of total XP
 D = Non-vault monster count
 E = Vault monster count
 F = Vault count percentage of total count
                 A         B        C        D         E       F
            +---------+---------+-------+---------+---------+-------
      Total |    3626 |     337 |   8.5 |     158 |      14 |   8.1
            +---------+---------+-------+---------+---------+-------
        D:1 |      43 |       0 |   0.0 |      25 |       0 |   0.0
        D:2 |      44 |       0 |   0.0 |      20 |       0 |   0.0
        D:3 |      62 |      41 |  39.8 |      18 |       6 |  25.0
        D:4 |     802 |      51 |   6.0 |      25 |       2 |   7.4
        D:5 |     428 |     245 |  36.4 |      15 |       6 |  28.6
        D:6 |     987 |       0 |   0.0 |      25 |       0 |   0.0
        D:7 |    1260 |       0 |   0.0 |      30 |       0 |   0.0
            +---------+---------+-------+---------+---------+-------
